 Dungeon Crawl Stone Soup version 0.28-a0-1152-g9c71ebef14 (webtiles) character file.

Game seed: 6965381342796284083

465 tilp the Chiller (level 6, 26/26 HPs)
             Began as a Felid Ice Elementalist on Dec 14, 2021.
             Quit the game on level 6 of the Dungeon.
             The game lasted 00:09:13 (7052 turns).

tilp the Chiller (Felid Ice Elementalist)           Turns: 7052, Time: 00:09:13

Health: 26/26      AC:  2    Str:  4    XL:     6   Next: 80%
Magic:  29/29      EV: 18    Int: 19    God:
Gold:   243        SH:  0    Dex: 16    Spells: 4/11 levels left
                                        Lives:  1   Deaths: 1

rFire   . . .      SeeInvis +     - Unarmed
rCold   . . .      Faith    .   (shield unavailable)
rNeg    . . .      Spirit   .   (armour unavailable)
rPois   .          Reflect  .   (helmet unavailable)
rElec   .          Harm     .   (cloak unavailable)
rCorr   .          Rampage  .   (gloves unavailable)
Will    .....                   (boots unavailable)
Stlth   +++.......              (no amulet)
HPRegen 0.08/turn               c - ring of magical power
MPRegen 0.21/turn               b - ring of magical power

@: quick
A: very small, claws 1, fangs 3, see invisible, speed 1, shaggy fur 2, stealthy
paws, no weapons or thrown items, no armour, multi-lived
a: no special abilities


You were on level 6 of the Dungeon.
You visited 1 branch of the dungeon, and saw 6 of its levels.

You collected 243 gold pieces.

Inventory:

Jewellery
 b - a ring of magical power (right paw)
 c - a ring of magical power (left paw)
 g - a +6 ring of strength
Scrolls
 a - 2 scrolls of teleportation
 h - a scroll of fear
Potions
 d - 2 potions of mutation
 f - 2 potions of lignification


   Skills:
 - Level 2.0 Fighting
 - Level 4.0 Dodging
 - Level 6.0 Stealth
 - Level 4.0 Unarmed Combat
 + Level 3.2 Spellcasting
 + Level 6.1 Ice Magic


You had 4 spell levels left.
You knew the following spells:

 Your Spells              Type           Power      Damage    Failure   Level
a - Freeze                Ice            100%       1d11      1%          1
b - Frozen Ramparts       Ice            52%        1d7       3%          3
c - Ozocubu's Armour      Ice            26%        N/A       3%          3

Your spell library contained the following spells:

 Spells                   Type           Power      Damage    Failure   Level
 Hailstorm                Conj/Ice       14%        3d5       38%         4


Dungeon Overview and Level Annotations

Branches:
Dungeon (6/15)
 Temple: D:4-7

Altars:
Elyvilon
Sif Muna
Yredelemnul
Zin

Shops:
D:4 (


Innate Abilities, Weirdness & Mutations

You have sharp claws.
You have razor-sharp teeth.
You have supernaturally acute eyesight. (SInv)
You cover ground quickly. (Speed+)
You are covered in thick fur. (AC +2)
Your paws help you pounce on unaware monsters.
You are incapable of wielding weapons or throwing items.
You cannot wear armour.
You gain extra lives every three experience levels.


Message History

Your Stealth skill increases to level 6!
You need to enable at least one skill for training.
Unknown command.
You feel better.
The frozen ramparts melt away.
The bullfrog skeleton misses you.
Unknown command.
Casting: Freeze (safe; 1% risk of failure)
Confirm with . or Enter, or press ? or * to list all spells.
Casting: Frozen Ramparts (dangerous; 3% risk of failure)
Press: ? - help, Dir - look around, f - activate The walls around you are covered in ice.
The bullfrog skeleton completely resists.
The wall freezes the bullfrog skeleton but does no damage.
The bullfrog skeleton barely misses you.
The orc priest calls down the wrath of Beogh upon you.
Beogh smites you!
* * * LOW HITPOINT WARNING * * *
The wall freezes the orc priest.
The white imp completely resists.
The wall freezes the white imp but does no damage.
Unknown command.
Really quaff the potion of lignification?
You turn into a tree.
Your roots penetrate the ground.
The wall freezes the orc wizard.
The wall freezes the orc priest.
Unknown command.
Unknown command.
You smack the white imp!
The white imp is almost dead.
The orc priest calls down the wrath of Beogh upon you.
Beogh smites you!
You die...
Your shape twists and changes as you die.
The bullfrog skeleton resists.
The wall freezes the bullfrog skeleton.
The wall freezes the orc priest.
The white imp completely resists.
The wall freezes the white imp but does no damage.
The white imp hits you. The white imp freezes you.
You are now level 6!
You feel less wooden.
You rejoin the land of the living...
Unknown command.
Are you sure you want to abandon this character and quit the game? (Confirm with "yes".)

## ..
.# .#
##.##
#...#
#...#
#@..#
##.##
.# .#
.# .#
.# .#


There were no monsters in sight!

Vanquished Creatures
  A bullfrog (D:6)
  A scorpion (D:6)
  A water moccasin zombie (D:5)
  A water moccasin skeleton (D:6)
  4 killer bees (D:5)
  A bullfrog zombie (D:5)
  2 centaur zombies (D:5)
  2 orc priests (D:4)
  3 hounds
  A jelly (D:5)
  2 iguanas (D:5)
  An orc wizard (D:5)
  Robin (D:2)
  A howler monkey zombie (D:5)
  An adder (D:5)
  2 ufetubi
  5 dart slugs
  15 orcs
  7 bats
  2 endoplasms
  8 giant cockroaches
  14 goblins
  10 hobgoblins
  A quokka (D:3)
  10 ball pythons
  3 frilled lizards
  6 kobolds
  2 rats
108 creatures vanquished.

Notes
Turn   | Place    | Note
-------+----------+-------------------------------------------
     0 | D:1      | tilp the Felid Ice Elementalist began the quest for the
                  | Orb.
     0 | D:1      | Reached XP level 1. HP: 7/7 MP: 4/4
     6 | D:1      | Found a shimmering blue altar of Sif Muna.
   319 | D:1      | Reached skill level 1 in Unarmed Combat
   559 | D:1      | Reached XP level 2. HP: 11/11 MP: 6/6
   608 | D:1      | Found a faded altar of an unknown god.
  1496 | D:2      | Found a basalt altar of Yredelemnul.
  1555 | D:2      | Noticed Robin
  1707 | D:2      | Reached XP level 3. HP: 14/14 MP: 2/7
  1722 | D:1      | Learned a level 3 spell: Frozen Ramparts
  1931 | D:2      | Killed Robin
  2458 | D:2      | Reached XP level 4. HP: 18/18 MP: 8/8
  2602 | D:2      | Learned a level 3 spell: Ozocubu's Armour
  3443 | D:3      | Found a glowing silver altar of Zin.
  3443 | D:3      | Noticed an angel
  4064 | D:4      | Reached skill level 5 in Ice Magic
  4064 | D:4      | Reached XP level 5. HP: 21/21 MP: 10/10
  4466 | D:4      | Found Uveffoz's Weapon Emporium.
  5066 | D:5      | Entered Level 5 of the Dungeon
  5254 | D:5      | Found a white marble altar of Elyvilon.
  5263 | D:5      | Gained mutation: You are covered in thick fur. (AC +2)
                  | [Felid growth]
  5263 | D:5      | Reached XP level 6. HP: 9/24 MP: 11/11
  5961 | D:5      | Reached skill level 1 in Fighting
  5963 | D:5      | Reached XP level 7. HP: 22/28 MP: 12/12
  6906 | D:6      | Reached skill level 5 in Stealth
  7051 | D:6      | Killed from afar by an orc priest
  7052 | D:6      | Reached XP level 6. HP: 0/39 MP: 21/29
  7052 | D:6      | Quit the game

Illustrated notes

Levels and vault maps discovered:
D:1:      dpeg_arrival_lava_altar, layout_loops_corners,
          ebering_ecumenical_altar_hall, minmay_fountain_box
D:2:      layout_rooms, basic_altar, kennysheep_generic_room_6, uniq_robin
D:3:      layout_basic, zin_angel, minmay_misc_feat_cross
D:4:      layout_gridville, serial_shops, nicolae_shop_hallway_stairs,
          minmay_strange_pillars
D:5:      layout_loops_corners, old_standard_altar, dk_noncrumbling_2
D:6:      layout_loops_ring

Skill      XL: |  1  2  3  4  5  6  7 |
---------------+----------------------+-----
Unarmed Combat | 1 2 3 4 |  4.0
Ice Magic      | 4 5 6 |  6.1
Spellcasting   | 3 |  3.2
Dodging        | 3 4 |  4.0
Stealth        | 3 6 |  6.0
Fighting       | 1 2 |  2.0

Action                   |  1- 3 |  4- 6 |  7- 9 || total
-------------------------+-------+-------+-------++-------
Melee: Unarmed           |    23 |    66 |    52 ||   141
       Bite              |     2 |     5 |     3 ||    10
       Punch             |       |     1 |       ||     1
 Cast: Freeze            |    32 |    29 |    13 ||    74
       Frozen Ramparts   |    10 |    15 |     4 ||    29
       Ozocubu's Armour  |       |     5 |     4 ||     9
  Use: Scroll            |     6 |     4 |       ||    10
       Potion            |       |     1 |     3 ||     4
 Stab: Sleeping          |    10 |     4 |     4 ||    18
Armor: Skin              |     2 |    30 |    18 ||    50
Dodge: Dodged            |    39 |    93 |    47 ||   179

Table legend: (Time is in decaauts)
 A = Elapsed time spent in this place.
 B = Non-inter-level travel time spent in this place.
 C = Inter-level travel time spent in this place.
 D = Time resting spent in this place.
 E = Time spent auto-exploring this place.
 F = Levels seen in this place.
 G = Mean time per level.
                   A        B        C        D        E       F      G
               +--------+--------+--------+--------+--------+-----+--------+
         Total |   6355 |   6190 |    165 |   1346 |   4106 |   6 | 1059.2 |
       Dungeon |   6355 |   6190 |    165 |   1346 |   4106 |   6 | 1059.2 |
               +--------+--------+--------+--------+--------+-----+--------+

Top non-repeatable levels by time:
     D:4: 1552 daAuts
     D:1: 1470 daAuts
     D:5: 1454 daAuts
     D:2: 918 daAuts
     D:3: 819 daAuts
     D:6: 141 daAuts
